 Dungeon Crawl Stone Soup version 0.25-a0-435-g4b9beb1 (webtiles) character file.

Game seed: 1307382847985349530, levelgen mode: deterministic

2678 Ayyar the Covert (level 9, -2/62 HPs)
             Began as an Octopode Assassin on Jan 27, 2020.
             Was an Initiate of Dithmenos.
             Slain by a hog (10 damage)
             ... on level 7 of the Dungeon.
             The game lasted 00:34:19 (7734 turns).

Ayyar the Covert (Octopode Assassin)                Turns: 7734, Time: 00:34:19

Health: -2/62      AC:  1    Str: 13    XL:     9   Next: 64%
Magic:  18/18      EV: 17    Int: 13    God:    Dithmenos [......]
Gold:   395        SH:  0    Dex: 18    Spells: 8/8 levels left

rFire    + . .     SeeInvis .   C - +4 dagger
rCold    . . .     Gourm    .   (no shield)
rNeg     + . .     Faith    .   (helmet restricted)
rPois    .         Spirit   .   (no amulet)
rElec    +         Reflect  .   i - ring of wizardry
rCorr    .         Harm     .   a - ring "Ruxost" {+Fly rElec rN+ Dex+4}
MR       .....                  B - ring of magical power
Stlth    ++++++....             E - ring of protection from fire
HPRegen  0.20/turn              (no ring)
MPRegen  0.16/turn              (no ring)
                                (no ring)
                                (no ring)

@: no status effects
A: almost no armour, stealthy swim, amphibious, 8 rings, constrict 8, camouflage
1, gelatinous body 1
a: Renounce Religion, Evoke Flight


You were on level 7 of the Dungeon.
You worshipped Dithmenos.
Dithmenos was noncommittal.
You were very hungry.

You visited 2 branches of the dungeon, and saw 10 of its levels.

You collected 395 gold pieces.

Inventory:

Hand Weapons
 C - a +4 dagger (weapon)
Missiles
 e - a curare-tipped dart
 j - 69 poisoned darts (quivered)
 z - a throwing net
Jewellery
 a - the ring "Ruxost" (right tentacle) {+Fly rElec rN+ Dex+4}
   (You found it on level 7 of the Dungeon)

   [ring of flight]

   It affects your dexterity (+4).
   It insulates you from electricity.
   It protects you from negative energy.
   It lets you fly.
 i - a ring of wizardry (left tentacle)
 B - a ring of magical power (on tentacle)
 E - a ring of protection from fire (on tentacle)
Wands
 y - a wand of flame (14)
Scrolls
 h - 4 scrolls of fear {unknown}
 k - a scroll of immolation {unknown}
 l - 5 scrolls of teleportation
 m - 2 scrolls of magic mapping {unknown}
 n - 7 scrolls of remove curse
 r - a scroll of noise {unknown}
 s - a scroll of enchant weapon {unknown}
 t - 2 scrolls of enchant armour {unknown}
 u - 7 scrolls of identify
 x - a scroll of fog {unknown}
Potions
 b - a potion of heal wounds {unknown}
 c - a potion of brilliance
 g - 2 potions of berserk rage
 p - a potion of lignification {unknown}
 q - a potion of cancellation {unknown}
 v - a potion of flight {unknown}
 w - a potion of might {unknown}
 A - a potion of mutation {unknown}
 D - a potion of degeneration {unknown}
Comestibles
 d - 10 rations


   Skills:
 + Level 5.8 Fighting
 * Level 6.2 Short Blades
 - Level 4.0 Throwing
 + Level 5.4 Dodging
 + Level 11.7 Stealth


You had 8 spell levels left.
You didn't know any spells.
Your spell library was empty.

Dungeon Overview and Level Annotations

Branches:
Dungeon (9/15)             Temple (1/1) D:6
   Lair: D:8-11         Orc: D:9-12

Altars:
Ashenzari
Cheibriados
Dithmenos
Elyvilon
Fedhas
Gozag
Hepliaklqana
Kikubaaqudgha
Makhleb
Nemelex Xobeh
Okawaru
Qazlal
Ru
Sif Muna
Trog
Uskayaw
Vehumet
Wu Jian
Xom
Yredelemnul
Zin
The Shining One

Shops:
D:6 }


Innate Abilities, Weirdness & Mutations

You cannot wear most types of armour.
You are very stealthy in the water. (Stealth+)
You are amphibious.
You can wear up to eight rings at the same time.
You can use your tentacles to constrict eight enemies at once.
Your skin changes colour to match your surroundings (Stealth+).
Your rubbery body absorbs attacks. (AC +1, EV +1)


Message History

The hog is lightly wounded.
You constrict the hog. The hog closely misses you.
You hit the hog.
The hog is moderately wounded.
You constrict the hog. The hog bites you!
* * * LOW HITPOINT WARNING * * *
You hit the hog.
The hog is heavily wounded.
You constrict the hog. The hog closely misses you.
You hit the hog.
The hog is severely wounded.
You constrict the hog. The hog bites you.
* * * LOW HITPOINT WARNING * * *
Aiming: Throw Flame
Press: ? - help, Shift-Dir - straight line, f - hog
Aim: a hog (severely wounded, constricted by you)
The puff of flame hits the hog.
The hog is almost dead.
You constrict the hog. The hog bites you!
You die...

#...##....# ########.#
#...#..#### #..#%%#..#
.....#.# #..#.%#.##
...#.#.########..'..#.#
...#.#.......##..#/.###
........####..#..#..#
..#.###.###########)##
..#.#)..........##...###.#
..#.#.#.##......@hh.........
..#.....##.########.......##
>..........# #.......#
....#.###### ..(.##.##
......# ###### ... .....###
### ......... .....####
..####


You could see 2 hogs.

Vanquished Creatures
  Sigmund (D:3)
  2 hogs (D:7)
  A human (D:7)
  Duvessa (D:6)
  3 phantoms (D:5)
  3 ogres
  2 centaurs
  A wyvern zombie (D:6)
  2 bullfrogs
  A scorpion (D:7)
  Dowan (D:6)
  4 killer bees (D:5)
  A howler monkey (D:5)
  5 crimson imps
  A jelly (D:7)
  An orc priest (D:4)
  A bullfrog skeleton (D:3)
  Ijyb (D:4)
  Jessica (D:3)
  Natasha (thrice) (D:3)
  An iguana (D:5)
  5 worker ants
  3 orc wizards (D:4)
  A hound zombie (D:6)
  3 gnolls (D:6)
  8 adders
  An ooze (D:5)
  An adder zombie (D:7)
  3 worms
  A dart slug (D:1)
  6 leopard geckos
  13 orcs
  3 bats
  A giant cockroach (D:4)
  9 goblins
  8 hobgoblins
  7 jackals
  4 kobolds
  2 quokkas (D:3)
  5 ball pythons
  4 frilled lizards
  A leopard gecko zombie (D:5)
  8 rats
134 creatures vanquished.

Vanquished Creatures (others)
  4 jackals (D:7)
4 creatures vanquished.

Grand Total: 138 creatures vanquished

Notes
Turn   | Place    | Note
-------+----------+-------------------------------------------
     0 | D:1      | Ayyar the Octopode Assassin began the quest for the Orb.
     0 | D:1      | Reached XP level 1. HP: 14/14 MP: 1/1
   166 | D:1      | Reached XP level 2. HP: 16/19 MP: 2/2
   867 | D:2      | Found a shattered altar of Ashenzari.
   887 | D:2      | Reached XP level 3. HP: 22/25 MP: 3/3
  1245 | D:2      | Found a faded altar of an unknown god.
  1377 | D:3      | Reached skill level 6 in Stealth
  1377 | D:3      | Reached XP level 4. HP: 23/30 MP: 4/4
  1730 | D:3      | Noticed Sigmund
  1740 | D:3      | Killed Sigmund
  1740 | D:3      | Reached skill level 7 in Stealth
  1740 | D:3      | Reached XP level 5. HP: 36/36 MP: 5/5
  1740 | D:3      | Reached XP level 6. HP: 42/42 MP: 6/6
  1987 | D:3      | Noticed Jessica
  1991 | D:3      | Killed Jessica
  2196 | D:3      | Noticed Natasha
  2202 | D:3      | Killed Natasha
  2393 | D:3      | Noticed Natasha
  2403 | D:3      | Killed Natasha
  2527 | D:3      | Noticed Natasha
  2538 | D:3      | Killed Natasha
  2738 | D:4      | Reached XP level 7. HP: 10/46 MP: 7/7
  2806 | D:4      | Reached skill level 8 in Stealth
  3291 | D:4      | Noticed Ijyb
  3293 | D:4      | Killed Ijyb
  3308 | D:4      | Found an ancient bone altar of Kikubaaqudgha.
  3516 | D:5      | Entered Level 5 of the Dungeon
  3771 | D:5      | Reached skill level 9 in Stealth
  3771 | D:5      | Reached XP level 8. HP: 20/54 MP: 8/8
  4549 | D:5      | Reached skill level 10 in Stealth
  5296 | D:6      | Found a staircase to the Ecumenical Temple.
  5306 | Temple   | Entered the Ecumenical Temple
  5436 | D:6      | Reached skill level 5 in Fighting
  5436 | D:6      | Reached skill level 5 in Short Blades
  5480 | D:6      | Reached XP level 9. HP: 46/61 MP: 9/9
  5667 | D:6      | Found Joanu's Gadget Boutique.
  5696 | D:6      | Noticed Dowan
  5697 | D:6      | Noticed Duvessa
  5777 | D:6      | Killed Dowan
  5790 | D:6      | Killed Duvessa
  5790 | D:6      | Reached skill level 11 in Stealth
  6004 | D:6      | Found a shimmering altar of Xom.
  6005 | D:6      | Found a hazy altar of Hepliaklqana.
  6005 | D:6      | Noticed a tentacled monstrosity
  6006 | D:6      | Noticed a spectral ugly thing
  6006 | D:6      | Noticed a tentacled monstrosity
  6363 | D:7      | HP: 1/61 [centaur (5)]
  6673 | D:7      | Got a glittering copper ring
  6676 | D:7      | Identified the ring "Ruxost" {+Fly rElec rN+ Dex+4} (You
                  | found it on level 7 of the Dungeon)
  6781 | D:7      | You fall into a shaft and drop 2 floors!
  6831 | D:9      | Found a hide-covered altar of Uskayaw.
  6842 | D:8      | Reached skill level 5 in Dodging
  6975 | D:8      | Found an ornate altar of the Wu Jian Council.
  7034 | D:7      | Found an iron altar of Okawaru.
  7110 | D:7      | Found a radiant altar of Vehumet.
  7111 | D:7      | Found a bloodstained altar of Trog.
  7113 | D:7      | Found a stormy altar of Qazlal.
  7113 | D:7      | Found a shadowy altar of Dithmenos.
  7121 | D:7      | Became a worshipper of Dithmenos the Shadowed
  7734 | D:7      | Slain by a hog

Levels and vault maps discovered:
D:1:      wheals_arrival_linesprint, layout_rooms
D:2:      layout_rooms, ashenzari_altar_1, first_ration,
          chequers_ecumenical_altar_grove
D:3:      layout_basic, saegor_snake_ambush, uniq_jessica, uniq_natasha,
          uniq_sigmund
D:4:      layout_basic, lemuel_coloured_pillars_altar, uniq_ijyb
D:5:      layout_loops_ring, minmay_misc_feat_enclosed,
          kennysheep_generic_room_8
D:6:      layout_loops_ring, regret_index_temple_of_mockery,
          minmay_temple_entry_glass, serial_shops, shop, uniq_duvessa
D:7:      layout_loops_ring, chequers_temple_overflow_statue_of_worship,
          okawaru_trees_2, grunt_livestock, columned_hall_lemuel,
          lemuel_flame_loot_1
D:8:      layout_gridville, nicolae_overflow_crystal_walls, serial_shops,
          kennysheep_mini_moat, amethyst_killhole, grunt_nemelex_the_gamble
D:9:      layout_rooms, lemuel_crystal_altar
Temple:   minmay_freezing_vapour_temple

Skill      XL: |  1  2  3  4  5  6  7  8  9 |
---------------+----------------------------+-----
Stealth        | 6 7 9 10 11 | 11.7
Fighting       | 3 4 5 |  5.8
Short Blades   | 3 4 5 6 |  6.2
Throwing       | 3 4 |  4.0
Dodging        | 2 3 4 5 |  5.4

Action                   |  1- 3 |  4- 6 |  7- 9 || total
-------------------------+-------+-------+-------++-------
Melee: Dagger            |    46 |    79 |   289 ||   414
       Constrict         |    10 |    15 |    39 ||    64
       Tentacles         |     2 |    13 |    55 ||    70
Throw: Dart              |    20 |    24 |    52 ||    96
Evoke: Wand              |       |       |     1 ||     1
  Use: Potion            |       |     1 |     8 ||     9
       Scroll            |       |       |     5 ||     5
 Stab: Sleeping          |    11 |    10 |    20 ||    41
       Invisible         |       |       |     2 ||     2
       Distracted        |       |       |     1 ||     1
  Eat: Chunk             |     1 |     4 |     8 ||    13
       Ration            |       |       |     2 ||     2
Armor: Skin              |     3 |     2 |     6 ||    11
Dodge: Dodged            |    24 |    30 |   161 ||   215

Table legend:
 A = Non-vault XP
 B = Vault XP
 C = Vault XP percentage of total XP
 D = Non-vault monster count
 E = Vault monster count
 F = Vault count percentage of total count
                 A         B        C        D         E       F
            +---------+---------+-------+---------+---------+-------
      Total |    2482 |    1344 |  35.1 |     118 |      16 |  11.9
            +---------+---------+-------+---------+---------+-------
        D:1 |      30 |       0 |   0.0 |      17 |       0 |   0.0
        D:2 |      32 |       0 |   0.0 |      11 |       0 |   0.0
        D:3 |     169 |     346 |  67.2 |      25 |       8 |  24.2
        D:4 |     324 |      38 |  10.5 |      17 |       1 |   5.6
        D:5 |    1110 |     148 |  11.8 |      20 |       2 |   9.1
        D:6 |     384 |     220 |  36.4 |      15 |       2 |  11.8
        D:7 |     317 |     592 |  65.1 |       7 |       3 |  30.0
        D:8 |      99 |       0 |   0.0 |       4 |       0 |   0.0
        D:9 |      17 |       0 |   0.0 |       2 |       0 |   0.0
            +---------+---------+-------+---------+---------+-------
